 Dungeon Crawl Stone Soup version 0.28.0-43-g3370ac3207 (webtiles) character file.

Game seed: 5814576396461952672

2905 Descartes the Grappler (level 9, -4/84 HPs)
             Began as a Troll Warper on Mar 4, 2022.
             Was a Believer of Elyvilon.
             Slain by an orc knight
             ... wielding a +0 war axe
              (26 damage)
             ... in a bailey.
             The game lasted 00:14:09 (5274 turns).

Descartes the Grappler (Troll Warper)               Turns: 5274, Time: 00:14:10

Health: -4/84      AC:  9    Str: 21    XL:     9   Next: 49%
Magic:  17/18      EV: 10    Int: 11    God:    Elyvilon [**....]
Gold:   1581       SH:  0    Dex: 11    Spells: 3/10 levels left

rFire   + . .      SeeInvis .     - Unarmed
rCold   + + .      Faith    .   (no shield)
rNeg    . . .      Spirit   .   a - +1 robe
rPois   .          Reflect  .   (helmet restricted)
rElec   .          Harm     .   s - scarf {rC+ rF+}
rCorr   .          Rampage  .   (gloves unavailable)
Will    .....                   (boots unavailable)
Stlth   +.........              (no amulet)
HPRegen 1.04/turn               p - ring of magical power
MPRegen 0.16/turn               v - +4 ring of protection

@: no status effects
A: large, unfitting armour, claws 3, regeneration 1, shaggy fur 1, tough skin 1,
antennae 1, cold resistance 1
a: Renounce Religion, Purification, Heal Other


You were in a bailey.
You worshipped Elyvilon.
Elyvilon was pleased with you.
You visited 2 branches of the dungeon, and saw 8 of its levels.
You also visited: Bailey.

You collected 1581 gold pieces.

Inventory:

Missiles
 c - 5 boomerangs of dispersal (quivered)
 d - 188 stones
 h - 5 curare-tipped darts
 u - 8 poisoned darts
 D - 3 boomerangs
Armour
 a - a +1 robe (worn)
 s - a scarf of resistance (worn)
Jewellery
 p - a ring of magical power (left claw)
 v - a +4 ring of protection (right claw)
Wands
 y - a wand of charming (10)
 A - a wand of mindburst (21)
Scrolls
 b - a scroll of blinking
 e - 6 scrolls of teleportation
 f - 3 scrolls of enchant armour
 g - 2 scrolls of fear
 k - a scroll of vulnerability
 l - a scroll of holy word
 m - a scroll of noise
 q - 2 scrolls of fog
 x - a scroll of enchant weapon
Potions
 i - a potion of berserk rage
 o - a potion of lignification {unknown}
 r - a potion of degeneration
 t - a potion of might {unknown}


   Skills:
 + Level 4.1 Fighting
 - Level 0.8 Throwing
 + Level 4.0 Dodging
 * Level 8.4 Unarmed Combat
 - Level 1.2 Spellcasting
 * Level 6.6 Translocations


You had 3 spell levels left.
You knew the following spells:

 Your Spells              Type           Power      Damage    Failure   Level
a - Manifold Assault      Tloc           15%        N/A       50%         5
b - Blink                 Tloc           30%        N/A       3%          2

Your spell library contained the following spells:

 Spells                   Type           Power      Damage    Failure   Level
 Apportation              Tloc           30%        N/A       1%          1
 Gell's Gravitas          Tloc           15%        N/A       6%          3
 Lesser Beckoning         Tloc           15%        N/A       6%          3
 Teleport Other           Tloc           15%        N/A       6%          3
 Animate Skeleton         Necr           0%         N/A       32%         1
 Sting                    Tmut/Pois      0%         1d3       32%         1
 Summon Small Mammal      Summ           0%         N/A       32%         1
 Poisonous Vapours        Pois/Air       0%         N/A       43%         2
 Olgreb's Toxic Radiance  Pois           0%         N/A       97%         4


Dungeon Overview and Level Annotations

Branches:
Dungeon (7/15)             Temple (1/1) D:4          Bailey (1/1)

Altars:
Ashenzari
Cheibriados
Dithmenos
Elyvilon
Fedhas
Gozag
Hepliaklqana
Kikubaaqudgha
Makhleb
Okawaru
Qazlal
Ru
Sif Muna
Trog
Uskayaw
Vehumet
Wu Jian
Xom
Yredelemnul
Zin
The Shining One


Innate Abilities, Weirdness & Mutations

You are too large for most types of armour.
You have claws for hands.
Your natural rate of healing is unusually fast.
You are covered in fur. (AC +1)
You have tough skin. (AC +1)
You have a pair of small antennae on your head.
Your flesh is cold resistant. (rC+)


Message History

Confirm with . or Enter, or press ? or * to list all spells.
The spell is quite dangerous to miscast (50% risk of failure)!
Continue anyway?
Okay, then.
Casting: Manifold Assault (quite dangerous; 50% risk of failure)
Confirm with . or Enter, or press ? or * to list all spells.
You blink.
There is a large open door here.
You scratch the orc warrior.
The orc warrior is almost dead.
The orc warrior misses you.
You completely miss the orc warrior. Your claw misses the orc warrior.
The orc warrior is almost dead.
You feel stable enough to blink again. The orc warrior barely misses you.
You completely miss the orc warrior.
The orc warrior is almost dead.
The orc warrior barely misses you.
You barely miss the orc warrior.
The orc warrior is almost dead.
The orc warrior no longer looks unusually strong.
The orc knight roars a battlecry!
The orc warrior goes into a battle-frenzy!
There is an open gate, spattered with blood here.
Things that are here:
a +0 hand axe; a +0 leather armour; a gnoll corpse
Things that are here:
a +0 war axe; a +0 scale mail You close the gate, pushing everything out of the way.
An orc knight opens the gate.
You close the gate.
An orc knight opens the gate.
You close the gate.
A gnoll breaks down the gate.
It's broken and can't be closed.
You barely miss the gnoll. You claw the gnoll!
The gnoll is heavily wounded.
The gnoll barely misses you.
You mangle the gnoll!!
You kill the gnoll!
The orc knight hits you with a +0 war axe!!
You die...

#)8#### ####8.#
#.....#######.....#
#.8...#.....#...8.#
#.....#.....#.)...#
####..#..⌠..#.)####
#.g'.....'..#
#..'[o...'..#
#####)o'#####
#....@).....#
######≈≈≈≈..)≈)≈≈######
≈≈≈≈≈≈≈≈≈≈...≈≈≈≈≈≈≈≈≈≈
≈≈≈≈≈≈≈≈≈≈.).≈≈≈≈≈≈≈≈≈≈
≈≈≈≈≈≈≈≈≈≈...≈≈≈≈≈≈≈≈≈≈
≈≈≈≈≈≈≈≈≈≈..)≈≈≈≈≈≈≈≈≈≈
≈≈≈≈≈≈≈.........≈≈≈≈≈≈≈
########.......########
#...)...#


You could see an orc knight and an orc warrior (strong).

Vanquished Creatures
  An orc knight (Bailey)
  A water moccasin (D:7)
  6 orc warriors
  An ice beast (D:6)
  A hornet zombie (D:7)
  A centaur (D:7)
  5 ogres
  A phantom (D:7)
  A kobold brigand (D:7)
  A gnoll sergeant (D:6)
  A scorpion (D:7)
  A wyvern zombie (D:7)
  A howler monkey (D:3)
  An electric eel (D:7)
  A bullfrog zombie (D:5)
  3 hounds
  5 iguanas
  7 orc wizards
  A hound zombie (D:5)
  A hound skeleton (D:5)
  A howler monkey skeleton (D:6)
  8 gnolls
  6 adders
  An ufetubus (D:7)
  2 worms
  4 dart slugs
  25 orcs
  5 ball pythons
  5 endoplasms
  A giant cockroach (D:2)
  13 goblins
  13 hobgoblins
  3 quokkas
  3 bats
  A frilled lizard (D:2)
  4 kobolds
  3 rats
139 creatures vanquished.

Vanquished Creatures (others)
  5 plants (D:7)
5 creatures vanquished.

Grand Total: 144 creatures vanquished

Notes
Turn   | Place    | Note
-------+----------+-------------------------------------------
     0 | D:1      | Descartes the Troll Warper began the quest for the Orb.
     0 | D:1      | Reached XP level 1. HP: 19/19 MP: 1/1
   150 | D:1      | Reached XP level 2. HP: 26/27 MP: 2/2
   802 | D:2      | Reached XP level 3. HP: 33/33 MP: 3/3
   823 | D:2      | Reached skill level 3 in Unarmed Combat
  1147 | D:2      | Found a faded altar of an unknown god.
  1301 | D:2      | Reached XP level 4. HP: 31/41 MP: 4/4
  1422 | D:3      | Noticed an ogre
  1432 | D:3      | Killed an ogre
  1433 | D:3      | Reached skill level 4 in Unarmed Combat
  1433 | D:3      | Reached XP level 5. HP: 27/48 MP: 5/5
  2294 | D:4      | Found a staircase to the Ecumenical Temple.
  2315 | Temple   | Entered the Ecumenical Temple
  2547 | Temple   | Became a worshipper of Elyvilon the Healer
  2655 | D:4      | Reached XP level 6. HP: 42/55 MP: 6/6
  2787 | D:5      | Entered Level 5 of the Dungeon
  2796 | D:5      | Reached skill level 5 in Unarmed Combat
  2889 | D:5      | Learned a level 5 spell: Manifold Assault
  2892 | D:5      | Learned a level 2 spell: Blink
  2987 | D:5      | Reached XP level 7. HP: 62/62 MP: 7/7
  3121 | D:5      | Reached * piety under Elyvilon
  3621 | D:5      | Reached skill level 6 in Unarmed Combat
  3680 | D:6      | Reached skill level 5 in Translocations
  3810 | D:6      | Reached XP level 8. HP: 74/74 MP: 8/8
  4120 | D:6      | Reached ** piety under Elyvilon
  4165 | D:7      | Identified a scroll of acquirement
  4168 | D:7      | Acquired 1247 gold pieces
  4286 | D:7      | Reached skill level 7 in Unarmed Combat
  4655 | D:7      | Reached XP level 9. HP: 48/83 MP: 9/9
  4788 | D:7      | Found a flagged portal.
  4810 | Bailey   | Entered a bailey
  4835 | Bailey   | Noticed an orc knight
  4857 | Bailey   | HP: 5/124 [orc knight/+0 war axe (21)]
  4860 | Bailey   | HP: 1/83 [orc knight/+0 war axe (6)]
  4861 | Bailey   | Killed an orc knight
  4862 | Bailey   | Reached skill level 8 in Unarmed Combat
  4976 | Bailey   | Gained mutation: Your flesh is cold resistant. (rC+)
                  | [potion of mutation]
  4976 | Bailey   | Gained mutation: You have a pair of small antennae on your
                  | head. [potion of mutation]
  4980 | Bailey   | HP: 4/84 [orc warrior/+0 war axe (17)]
  4980 | Bailey   | Elyvilon protects you from harm!
  4984 | Bailey   | HP: 1/84 [orc warrior/+0 war axe (7)]
  5249 | Bailey   | Noticed an orc knight
  5274 | Bailey   | Slain by an orc knight

Illustrated notes

Levels and vault maps discovered:
D:1:      minmay_arrival_shattered_statue, layout_basic
D:2:      layout_rooms, shapermc_ecumenical_altar_totnotflames,
          grunt_decor_junction, serial_bayou_lagoon_a, nrook_mini_vaults
D:3:      layout_rooms, minmay_tree_intersection, nrook_campfire
D:4:      layout_rooms, temple_statues
D:5:      layout_loops_ring
D:6:      layout_basic
D:7:      layout_basic, enter_bailey_4, serial_bayou_lake_a
Temple:   mainiacjoe_temple_archimedes_tessellation
Bailey:   bailey_axe_of_yendor_kennysheep, bailey

Skill      XL: |  1  2  3  4  5  6  7  8  9 |
---------------+----------------------------+-----
Unarmed Combat | 3 4 5 6 7 8 |  8.4
Translocations | 3 4 5 6 |  6.6
Fighting       | 2 3 4 |  4.1
Dodging        | 2 3 4 |  4.0
Throwing       | |  0.8
Spellcasting   | |  1.2

Action                   |  1- 3 |  4- 6 |  7- 9 || total
-------------------------+-------+-------+-------++-------
Melee: Unarmed           |    88 |   162 |   300 ||   550
       Punch             |     1 |     3 |    15 ||    19
 Cast: Blink             |       |       |     4 ||     4
       Manifold Assault  |       |       |     2 ||     2
  Use: Scroll            |       |       |    13 ||    13
       Potion            |       |       |     6 ||     6
 Stab: Sleeping          |       |     2 |       ||     2
Armor: Robe              |    26 |    30 |   102 ||   158
Dodge: Dodged            |    39 |    57 |   149 ||   245
